 Dungeon Crawl Stone Soup version 0.24.0-13-gcf9b3192b9 (webtiles) character file.

Game seed: 14124861994184958862, levelgen mode: classic

3519 EnegeticOcto the Fighter (level 10, -3/65 HPs)
             Began as a Kobold Skald on Nov 7, 2019.
             Was a Priest of Okawaru.
             Blown up by a centaur (23 damage)
             ... with a disintegration bolt
             ... on level 8 of the Dungeon.
             The game lasted 00:14:51 (11061 turns).

EnegeticOcto the Fighter (Kobold Skald)            Turns: 11061, Time: 00:14:52

Health: -3/65      AC:  7    Str: 12    XL:     10   Next: 29%
Magic:  12/13      EV: 18    Int: 18    God:    Okawaru [***...]
Gold:   468        SH:  0    Dex: 15    Spells: 8/13 levels left

rFire    . . .     SeeInvis .   k - +0 trident (venom)
rCold    . . .     Gourm    .   (shield currently unavailable)
rNeg     . . .     Faith    .   t - +3 leather armour {rPois}
rPois    +         Spirit   .   (no helmet)
rElec    .         Reflect  .   m - +0 cloak
rCorr    .         Harm     .   (no gloves)
MR       .....                  (no boots)
Stlth    +++.......             I - amulet of magic regeneration
HPRegen  0.20/turn              u - +4 ring of intelligence (curse)
MPRegen  0.38/turn              (no ring)

@: shrouded
A: small, carnivore
a: Heroism, Renounce Religion


You were on level 8 of the Dungeon.
You worshipped Okawaru.
Okawaru was most pleased with you.
You were very full.

You visited 2 branches of the dungeon, and saw 9 of its levels.

You collected 468 gold pieces.

Inventory:

Hand Weapons
 a - a +1 short sword
 k - a +0 trident of venom (weapon)
Missiles
 q - 36 bolts
Armour
 l - a +0 buckler
 m - a +0 cloak (worn)
 t - a +3 leather armour of poison resistance (worn)
 C - a cursed +0 plate armour
Jewellery
 u - a cursed +4 ring of intelligence (left hand)
 B - a +5 ring of protection {unknown}
 I - an amulet of magic regeneration (around neck)
Wands
 b - a wand of clouds (2)
 n - a wand of flame (15)
 F - a wand of acid (21)
Scrolls
 d - 3 scrolls of remove curse {@r2}
 f - 2 scrolls of magic mapping {@r5 !r}
 p - 2 scrolls of teleportation {@r3 !r}
 s - 2 scrolls of enchant weapon
 v - 2 scrolls of summoning
 y - 2 scrolls of enchant armour
Potions
 c - a potion of invisibility {unknown}
 g - 2 potions of mutation
 h - 5 potions of haste {@q4 !q}
 i - a potion of brilliance {unknown}
 j - 2 potions of heal wounds {@q2 !q}
 o - a potion of agility {unknown}
 r - 3 potions of curing {@q1 !q}
 w - 2 potions of lignification {@q6}
 x - a potion of ambrosia
 z - a potion of magic {unknown}
 A - a potion of degeneration {unknown}
 D - 2 potions of cancellation {unknown}
 E - a potion of flight {unknown}
 G - a potion of might {@q3 !q}
Comestibles
 e - 12 rations


   Skills:
 + Level 8.8 Fighting
 - Level 2.6 Short Blades
 + Level 5.3 Polearms
 - Level 0.7 Armour
 - Level 6.0 Dodging
 - Level 7.0 Stealth
 - Level 2.0 Shields
 - Level 2.1 Spellcasting
 - Level 2.4 Charms
 - Level 3.1 Translocations
 - Level 4.0 Invocations
 - Level 4.0 Evocations


You had 8 spell levels left.
You knew the following spells:

 Your Spells              Type           Power        Failure   Level  Hunger
b - Shroud of Golubria    Chrm/Tloc      ##....       11%         2    ###....
c - Infusion              Chrm           ##..         9%          1    #......
Y - Blink                 Tloc           N/A          10%         2    ###....

Your spell library contained the following spells:

 Spells                   Type           Power        Failure   Level  Hunger
 Song of Slaying          Chrm           ##......     13%         2    ###....
 Corona                   Hex            #......      22%         1    #......
 Magic Dart               Conj           #...         22%         1    #......
 Summon Small Mammal      Summ           #...         22%         1    #......
 Call Imp                 Summ           #.......     34%         2    ###....
 Ensorcelled Hibernation  Hex/Ice        #.....       34%         2    ###....
 Slow                     Hex            #.......     34%         2    ###....
 Regeneration             Chrm/Necr      #.........   38%         3    ###....
 Spectral Weapon          Hex/Chrm       #.......     38%         3    ###....
 Call Canine Familiar     Summ           #.......     56%         3    ###....
 Confuse                  Hex            #.......     56%         3    ###....
 Conjure Flame            Conj/Fire      #.......     56%         3    ###....
 Dazzling Spray           Conj/Hex       #.....       56%         3    ###....
 Mephitic Cloud           Conj/Pois/Air  #.......     56%         3    ###....
 Summon Guardian Golem    Hex/Summ       #.......     56%         3    ###....
 Tukima's Dance           Hex            #.......     56%         3    ###....
 Summon Ice Beast         Ice/Summ       #.......     92%         4    #####..
 Summon Lightning Spire   Summ/Air       #.......     92%         4    #####..


Dungeon Overview and Level Annotations

Branches:
Dungeon (8/15)             Temple (1/1) D:5
   Lair: D:8-11

Altars:
Cheibriados
Dithmenos
Elyvilon
Fedhas
Nemelex Xobeh
Okawaru
Qazlal
Wu Jian
The Shining One

Shops:
D:4 *


Innate Abilities, Weirdness & Mutations

You are small and have problems with some larger weapons.
You are carnivorous and can eat meat at any time.


Message History

The yak misses you.
The orc wizard gestures wildly while chanting.
The orc wizard seems to speed up.
You hit the yak.
The yak looks as sick as possible!
The yak is severely wounded.
The yak completely misses you.
You hit the yak but do no damage.
The yak is severely wounded.
Your shroud bends the yak's attack away!
You closely miss the yak.
The yak is severely wounded.
The yak gores you but does no damage.
The orc wizard mumbles some strange words.
The orc wizard blinks!
You completely miss the yak.
The yak is almost dead.
Your shroud bends the yak's attack away!
You hit the yak but do no damage.
The yak looks as sick as possible!
The yak is almost dead.
Your shroud bends the yak's attack away!
You puncture the yak!
You kill the yak!
Okawaru accepts your kill.
Attack whom?
Press: ? - help, Dir - move target cursor, f - orc wizard
Aim: an orc wizard, wielding a +0 dagger and wearing a +0 robe (fast)
You reach to attack!
You hit the orc wizard but do no damage.
The orc wizard is poisoned.
The orc wizard casts a spell at you. The magic dart hits you.
Attack whom?
Press: ? - help, Dir - move target cursor, f/p - orc wizard
Aim: an orc wizard, wielding a +0 dagger and wearing a +0 robe (lightly wounded, fast, poisoned)
You reach to attack!
You puncture the orc wizard!
The orc wizard is severely wounded.
The orc wizard hits you with a +0 dagger.
You puncture the orc wizard!
You kill the orc wizard!
Okawaru accepts your kill.
An orc wizard comes into view. It is wielding a +0 dagger.
An orc comes into view. It is wielding a +0 mace.
Your shroud begins to fray at the edges.
A quokka comes into view.
Things that are here:
a +0 dagger; a +0 robe The orc shouts!
The orc wizard shouts!
You hit the orc wizard.
The orc wizard is poisoned.
The orc wizard is moderately wounded.
There are monsters nearby!
There are monsters nearby!
You hit the orc wizard.
The orc wizard looks as sick as possible!
The orc wizard is heavily wounded.
The orc wizard gestures at you while chanting.
The puff of flame hits you!
You hit the orc wizard.
You kill the orc wizard!
Okawaru accepts your kill.
You puncture the orc!
You kill the orc!
Okawaru accepts your kill.
You hit the quokka but do no damage.
The quokka is poisoned.
The quokka completely misses you.
You closely miss the quokka.
The quokka is severely wounded.
Your shroud unravels.
The quokka bites you.
You closely miss the quokka.
The quokka is severely wounded.
The quokka misses you.
You puncture the quokka!
You kill the quokka!
Okawaru accepts your kill.
No target in view!
No target in view!
A centaur comes into view.
It is carrying a wand of disintegration (11).
A centaur is nearby!
A centaur is nearby!
The centaur shouts!
The centaur wields a +0 shortbow.
The centaur shoots an arrow.
The arrow closely misses you.
Items here: ( )) [ † a +0 mace; 3 boomerangs; a +0 dagger; a +0 robe; an orc corpse The centaur zaps a wand.
You struggle to resist.
The centaur shoots an arrow.
The arrow hits you!
You see here an arrow.
The centaur unwields a +0 shortbow.
The centaur misses you.
You hit the centaur.
The centaur is lightly wounded.
The centaur barely misses you.
Casting: Shroud of Golubria (safe; 11% risk of failure)
Confirm with . or Enter, or press ? or * to list all spells.
Space distorts slightly along a thin shroud covering your body.
The centaur zaps a wand.
You are blasted!
The centaur zaps a wand.
You are blasted!
You hit the centaur but do no damage.
The centaur is poisoned.
The centaur is lightly wounded.
The centaur zaps a wand.
You are blasted!
You die...

.............##########
.......................
.......................
....###....(†#..##...#
....# #.....)#.......+
....# #.##...).......#
##### #.##...)....#..
#.##.....(..#
###.###....#@.#
#............c#
#...#####.....# . #...#
#...<.# ... #...#
#.....#####..... #####
#####....†...#
#...####+# #.....#
##..#.#


You could see a centaur.

Vanquished Creatures
  A hippogriff (D:7)
  6 yaks (D:8)
  Menkaure (D:7)
  Duvessa (D:7)
  A water moccasin (D:7)
  An ice beast (D:6)
  A necrophage (D:5)
  A phantom (D:7)
  An ogre (D:8)
  A black bear (D:7)
  A centaur (D:6)
  A bullfrog (D:6)
  Dowan (D:7)
  A gnoll sergeant (D:5)
  3 scorpions
  3 killer bees (D:7)
  2 jellies
  2 howler monkeys
  4 crimson imps
  A hound (D:6)
  6 orc wizards
  2 orc priests
  A gnoll shaman (D:5)
  A bullfrog skeleton (D:5)
  Jessica (D:2)
  3 iguanas
  Natasha (thrice) (D:4)
  3 worker ants
  A mummy (D:7)
  A hound zombie (D:8)
  8 gnolls (D:5)
  9 adders
  A shadow imp (D:5)
  3 worms
  3 leopard geckos
  23 orcs
  4 giant cockroaches
  13 hobgoblins
  12 jackals
  5 quokkas
  2 ball pythons
  7 bats
  9 frilled lizards
  14 goblins
  5 kobolds
  A quokka skeleton (D:4)
  7 rats
182 creatures vanquished.

Vanquished Creatures (collateral kills)
  A killer bee (D:7)
1 creature vanquished.

Grand Total: 183 creatures vanquished

Notes
Turn   | Place    | Note
-------+----------+-------------------------------------------
     0 | D:1      | EnegeticOcto the Kobold Skald began the quest for the Orb.
     0 | D:1      | Reached XP level 1. HP: 12/12 MP: 3/3
   191 | D:1      | Reached skill level 1 in Stealth
   403 | D:1      | Reached XP level 2. HP: 17/18 MP: 5/5
   447 | D:1      | Learned a level 2 spell: Shroud of Golubria
   838 | D:1      | Reached XP level 3. HP: 22/22 MP: 6/6
  1782 | D:2      | Reached skill level 3 in Fighting
  1782 | D:2      | Reached XP level 4. HP: 25/28 MP: 7/7
  1887 | D:2      | Noticed Jessica
  1898 | D:2      | Killed Jessica
  1898 | D:2      | Reached skill level 1 in Evocations
  2824 | D:3      | Reached skill level 1 in Shields
  2824 | D:3      | Reached XP level 5. HP: 30/32 MP: 6/8
  2865 | D:3      | Found a faded altar of an unknown god.
  4022 | D:4      | Reached XP level 6. HP: 34/37 MP: 9/9
  4644 | D:4      | Found Fankavis's General Store.
  4951 | D:4      | Noticed Natasha
  4966 | D:4      | Killed Natasha
  5160 | D:4      | Noticed Natasha
  5168 | D:4      | Killed Natasha
  5268 | D:4      | Reached skill level 4 in Fighting
  5268 | D:4      | Reached XP level 7. HP: 43/43 MP: 1/10
  5365 | D:5      | Entered Level 5 of the Dungeon
  5370 | D:5      | Found a staircase to the Ecumenical Temple.
  5381 | Temple   | Entered the Ecumenical Temple
  5398 | Temple   | Became a worshipper of Warmaster Okawaru
  5488 | D:4      | Noticed Natasha
  5495 | D:4      | Killed Natasha
  5970 | D:5      | Learned a level 2 spell: Blink
  6337 | D:5      | Reached skill level 5 in Dodging
  6610 | D:5      | Reached skill level 5 in Stealth
  6614 | D:5      | Reached skill level 1 in Translocations
  6619 | D:5      | Reached XP level 8. HP: 19/48 MP: 1/11
  7390 | D:5      | Reached skill level 5 in Fighting
  7896 | D:6      | Reached * piety under Okawaru
  8282 | D:6      | Reached skill level 1 in Polearms
  8948 | D:7      | Reached XP level 9. HP: 31/55 MP: 6/12
  8961 | D:7      | Noticed a hippogriff
  8992 | D:7      | Killed a hippogriff
  8992 | D:7      | Reached ** piety under Okawaru
  8992 | D:7      | Reached skill level 1 in Invocations
  9145 | D:7      | Reached skill level 6 in Fighting
  9277 | D:7      | Found a shadowy altar of Dithmenos.
  9279 | D:7      | Noticed Menkaure
  9320 | D:7      | Killed Menkaure
  9721 | D:7      | Noticed Duvessa
  9722 | D:7      | Noticed Dowan
  9733 | D:7      | Killed Duvessa
  9744 | D:7      | Killed Dowan
 10092 | D:7      | Reached skill level 7 in Fighting
 10165 | D:7      | Found a snail-covered altar of Cheibriados.
 10470 | D:8      | Reached *** piety under Okawaru
 10646 | D:8      | Reached XP level 10. HP: 27/64 MP: 3/13
 10656 | D:8      | Reached skill level 8 in Fighting
 10680 | D:8      | Reached skill level 5 in Polearms
 11061 | D:8      | Blown up by a centaur

Levels and vault maps discovered:
D:1:      minmay_arrival_plants_in_alcoves, layout_basic, glass_columns_c,
          hangedman_decor_points
D:2:      layout_loops_ring, first_ration, uniq_jessica
D:3:      layout_basic, chequers_ecumenical_altar_island
D:4:      layout_basic, serial_shops, nicolae_shop_window_shopping,
          minmay_misc_feat_x, uniq_crazy_yiuf_cottage, uniq_natasha
D:5:      kennysheep_spiral_hall, layout_basic, minmay_temple_entry_arrows
D:6:      layout_loops_cross
D:7:      layout_loops_ring, lemuel_crystal_altar, chei_slow_surprise,
          uniq_menkaure, uniq_duvessa
D:8:      layout_basic, lemuel_zombie_altar_yredelemnul, minmay_circle_x
Temple:   regret_index_temple_chain_breaker

Skill      XL: |  1  2  3  4  5  6  7  8  9 10 |
---------------+-------------------------------+-----
Stealth        | 1 2 3 4 5 6 7 |  7.0
Dodging        | 3 4 5 6 |  6.0
Fighting       | 3 4 5 7 8 |  8.8
Evocations     | 1 2 3 4 |  4.0
Shields        | 1 2 |  2.0
Translocations | 1 3 |  3.1
Polearms       | 1 4 5 |  5.3
Invocations    | 4 |  4.0
Short Blades   | |  2.6
Armour         | |  0.7
Spellcasting   | |  2.1
Charms         | |  2.4

Action                   |  1- 3 |  4- 6 |  7- 9 | 10-12 || total
-------------------------+-------+-------+-------+-------++-------
Melee: Short sword       |   182 |   286 |   197 |       ||   665
       Trident           |       |       |   241 |    49 ||   290
       Unarmed           |       |       |    16 |       ||    16
 Cast: Infusion          |     2 |    12 |    36 |       ||    50
       Shroud of Golubri |     6 |    18 |    24 |     5 ||    53
Invok: Heroism           |       |       |     2 |     1 ||     3
Evoke: Wand              |       |     4 |    11 |       ||    15
  Use: Scroll            |     2 |    11 |     4 |       ||    17
       Potion            |       |       |     3 |       ||     3
 Stab: Sleeping          |     3 |     4 |     6 |       ||    13
       Distracted        |     1 |     1 |     1 |       ||     3
  Eat: Chunk             |    12 |    13 |    21 |     1 ||    47
Armor: Leather armour    |    47 |    45 |    69 |     2 ||   163
       Skin              |       |       |    14 |       ||    14
Dodge: Dodged            |   177 |   157 |   343 |    28 ||   705
Block: Buckler           |    23 |    50 |    60 |       ||   133
